AoeStats
← Portearcosol

Black Forest

505439988Analyzed
1v1 RM · 24d ago on Sep 9, 2026· 54m 38s· 2 players
Game mode
Random Map
Map size
Tiny (2 player)
Population
200
Speed
Normal
Resources
Standard
Victory
Conquest
Starting age
Dark Age
Ending age
Imperial Age
RankedLock teamsTeams togetherTeam positionsShared explorationLock speedFull tech treeHidden civsTurbo modeCheats
Victory
Defeat
🇫🇷 Vietnamese · France
490
+14
🇦🇺 Saracens · Australia
448
-14
oggie_20
0:30 Loom
12:14 Feudal Age
14:43 Wheelbarrow
13:57 Town Watch
14:23 Double-Bit Axe
15:02 Horse Collar
18:32 Gold Mining
18:33 Stone Mining
19:00 Man-at-Arms
27:25 Castle Age
25:38 Forging
25:28 Scale Mail Armor
28:46 Hand Cart
27:54 Pikeman
29:39 Town Patrol
30:03 Bow Saw
31:14 Heavy Plow
31:57 Iron Casting
31:38 Chain Mail Armor
31:13 Fletching
31:24 Padded Archer Armor
32:05 Gambesons
31:41 Long Swordsman
33:27 Gold Shaft Mining
33:58 Bimaristan
37:53 Thumb Ring
37:14 Crossbowman
43:52 Herbal Medicine
46:30 Imperial Age
45:14 Masonry
44:44 Treadmill Crane
45:25 Ballistics
45:01 Murder Holes
46:33 Elite Mameluke
48:26 Two-Man Saw
48:56 Chemistry
48:44 Hoardings
48:46 Two-Handed Swordsman
48:54 Crossbowman
49:02 Elite Skirmisher
50:12 Capped Ram
53:38 Light Cavalry
Portearcosol
12:45 Feudal Age
14:04 Wheelbarrow
14:30 Double-Bit Axe
16:14 Fletching
18:14 Horse Collar
20:47 Gold Mining
20:47 Stone Mining
26:18 Castle Age
26:34 Crossbowman
27:13 Bodkin Arrow
27:20 Padded Archer Armor
28:17 Thumb Ring
28:47 Husbandry
28:58 Bloodlines
29:43 Bow Saw
33:29 Hand Cart
34:07 Elite Skirmisher
36:41 Leather Archer Armor
36:32 Scale Barding Armor
37:17 Arson
37:34 Squires
36:55 Pikeman
39:00 Ballistics
38:42 Murder Holes
39:21 Chain Barding Armor
44:06 Imperial Age
45:13 Elite Battle Elephant
46:55 Bracer
48:04 Plate Barding Armor
47:37 Chatras
47:57 Paper Money
49:28 Chemistry
49:07 Ring Archer Armor
48:49 Forging
53:26 Iron Casting
52:13 Imperial Skirmisher
Connection lost

Rejoining the realm…

Still unreachable

The connection could not be restored.

Session expired

The server has moved on; the page needs a fresh start.